 Dungeon Sprint DCSS version 0.13-a0-2640-geebf78d (webtiles) character file.

813 Kae the Conjurer (level 7, -10/36 HPs)
             Began as a Tengu Fire Elementalist on Aug 6, 2013.
             Rolled over by a boulder beetle (46 damage)
             ... in the Dungeon (Sprint II: "The Violet Keep of Menkaure").
             The game lasted 00:01:42 (564 turns).

Kae the Conjurer (Tengu Fire Elementalist)           Turns: 564, Time: 00:01:42

HP -10/36        AC  2     Str  8      XL: 7   Next: 29%
MP  10/20        EV 17     Int 15 (17) God:
Gold 263         SH  0     Dex 15      Spells:  4 memorised,  9 levels left

Res.Fire  : . . .   See Invis. : .   (no weapon)
Res.Cold  : . . .   Warding    : .   a - +0 robe (curse)
Life Prot.: . . .   Conserve   : .   (no shield)
Res.Poison: .       Res.Corr.  : .   (helmet restricted)
Res.Elec. : .       Clarity    : .   (no cloak)
Sust.Abil.: . .     Spirit.Shd : .   (no gloves)
Res.Mut.  : .       Prev.Telep.: +   (boots unavailable)
Res.Rott. : .       Flight     : .   (no amulet)
Saprovore : . . .                    (no ring)
                                     (no ring)

@: very slightly contaminated, slightly resistant to hostile enchantments,
fairly stealthy
A: able to fly, beak, talons 3
a: Fly


You were in the Dungeon.
You were not hungry.

You visited 1 branch You collected 243 gold pieces.

Inventory:

Armour
 a - a cursed +0 robe (worn)
Comestibles
 c - a bread ration
Scrolls
 i - a scroll of blinking
Potions
 d - a potion of curing
 e - a potion of heal wounds
 f - a potion of speed
 g - 2 potions of magic
 h - a potion of berserk rage
Books
 b - a book of Flames

   Spells                             Type                      Level
   *Flame Tongue                      Conjuration/Fire             1
   *Throw Flame                       Conjuration/Fire             2
   *Conjure Flame                     Conjuration/Fire             3
   Inner Flame                        Hexes/Fire                   3
   *Sticky Flame                      Conjuration/Fire             4
   Fireball                           Conjuration/Fire             5


   Skills:
 - Level 8.0 Dodging
 - Level 2.0 Stealth
 + Level 6.6 Spellcasting
 + Level 10.3 Conjurations
 + Level 9.6 Fire Magic


You had 9 spell levels left.
You knew the following spells:

 Your Spells              Type           Power        Failure   Level  Hunger
a - Flame Tongue          Conj/Fire      ####.        1%          1    None
b - Throw Flame           Conj/Fire      ####..       1%          2    None
c - Conjure Flame         Conj/Fire      ####....     1%          3    ##.....
d - Sticky Flame          Conj/Fire      ####....     2%          4    ####...


Dungeon Overview and Level Annotations

Branches:
Dungeon (1/1)

Altars:


Innate Abilities, Weirdness & Mutations

You can fly.
You have a beak for a mouth.
You have claws for feet.


Message History

The boulder beetle smashes into the hippogriff!
The hippogriff dies!
Casting: Flame Tongue
Confirm with . or Enter, or press ? or * to list all spells.
Aiming: Flame Tongue
Press: ? - help, Shift-Dir - straight line, f/p - boulder beetle
Aim: a boulder beetle (lightly wounded, rolling)
The flame hits the boulder beetle.
The boulder beetle appears unharmed.
The boulder beetle is lightly wounded.
Casting: Flame Tongue
Confirm with . or Enter, or press ? or * to list all spells.
Aiming: Sticky Flame
Press: ? - help, Shift-Dir - straight line, f/p - boulder beetle
Aim: a boulder beetle (flame, lightly wounded, rolling)
You miscast Sticky Flame.
You are very lightly contaminated with residual magic.
The air around you crackles with energy!
The boulder beetle smashes into you!
Ouch! That really hurt!
You die...

## ## ##.
$## .§ §.
### B#.
##%###B#
#.#@##.##.#
+.##B§§§'#
#%.###.##.#
##.# #+# .#
## #


You could see a boulder beetle.

Vanquished Creatures
  A hippogriff (D)
  Menkaure (D)
  4 brain worms (D)
6 creatures vanquished.

Vanquished Creatures (others)
  A hippogriff (D)
1 creature vanquished.

Grand Total: 7 creatures vanquished

Notes
Turn   | Place    | Note
--------------------------------------------------------------
     0 | D        | Kae, the Tengu Fire Elementalist, began the quest for the Orb.
     0 | D        | Reached XP level 1. HP: 10/10 MP: 3/3
     2 | D        | Noticed a brain worm
    17 | D        | Killed a brain worm
    17 | D        | Reached skill level 5 in Dodging
    17 | D        | Reached skill level 5 in Conjurations
    17 | D        | Reached XP level 2. HP: 6/15 MP: 0/6
    17 | D        | Reached XP level 3. HP: 7/19 MP: 0/8
   187 | D        | Learned a level 2 spell: Throw Flame
   191 | D        | Learned a level 3 spell: Conjure Flame
   219 | D        | Noticed a brain worm
   228 | D        | Killed a brain worm
   228 | D        | Reached skill level 6 in Dodging
   228 | D        | Reached XP level 4. HP: 24/24 MP: 1/10
   228 | D        | Reached XP level 5. HP: 28/28 MP: 1/13
   293 | D        | Noticed Menkaure
   300 | D        | Learned a level 4 spell: Sticky Flame
   307 | D        | Killed Menkaure
   307 | D        | Reached skill level 8 in Dodging
   307 | D        | Reached XP level 6. HP: 32/32 MP: 6/16
   375 | D        | Noticed a brain worm
   375 | D        | Noticed a brain worm
   379 | D        | Killed a brain worm
   379 | D        | Reached skill level 5 in Spellcasting
   385 | D        | Killed a brain worm
   385 | D        | Reached skill level 9 in Conjurations
   470 | D        | Noticed a boulder beetle
   471 | D        | Noticed a boulder beetle
   472 | D        | Noticed a hippogriff
   475 | D        | Noticed a hippogriff
   485 | D        | Killed a hippogriff
   485 | D        | Reached skill level 10 in Conjurations
   485 | D        | Reached XP level 7. HP: 36/36 MP: 8/20
   562 | D        | Killed a hippogriff
   564 | D        | Rolled over by a boulder beetle

Action                   |  1- 3 |  4- 6 |  7- 9 || total
-------------------------+-------+-------+-------++-------
Melee: Unarmed           |     7 |       |       ||     7
 Cast: Flame Tongue      |     6 |    19 |     4 ||    29
       Conjure Flame     |     1 |     2 |     1 ||     4
       Sticky Flame      |       |     1 |       ||     1
